AoeStats
← Beisser

Nomad

510337570Analyzed
2v2 RM · 24h ago on Sep 30, 2026· 59m 33s· 4 players
Game mode
Random Map
Map size
176×176
Population
200
Speed
Normal
Resources
Standard
Victory
Conquest
Starting age
Dark Age
Ending age
Imperial Age
RankedLock teamsTeams togetherTeam positionsShared explorationLock speedFull tech treeHidden civsTurbo modeCheats
Victory
Defeat
🇨🇭 Burgundians · Switzerland
1368
+13
🇨🇭 Varangians · Switzerland
1368
+13
🇬🇧 Dravidians · United Kingdom
1295
-12
🇧🇷 Persians · Brazil
1231
-10
Ronnie Eggs
6:31 Loom
14:29 Feudal Age
14:33 Man-at-Arms
16:07 Forging
16:38 Arson
22:06 Castle Age
20:49 Fletching
21:00 Padded Archer Armor
26:02 Leather Archer Armor
25:51 Horse Collar
26:08 Double-Bit Axe
28:55 Bodkin Arrow
32:33 Heavy Plow
34:52 Wheelbarrow
35:03 Stone Mining
37:21 Thumb Ring
37:46 Pikeman
38:29 Scale Mail Armor
39:37 Ballistics
41:59 Chain Mail Armor
51:05 Imperial Age
51:19 Elite Elephant Archer
51:55 Halberdier
53:15 Iron Casting
52:51 Squires
53:48 Bracer
56:35 Chemistry
Thiers1789
11:42 Loom
14:32 Feudal Age
14:54 Double-Bit Axe
15:00 Gold Mining
15:59 Fishing Lines
23:02 Castle Age
26:33 Stone Mining
27:07 Husbandry
27:18 Bloodlines
28:22 Bow Saw
28:47 Gold Shaft Mining
29:45 Gillnets
30:39 Pikeman
31:20 Squires
32:23 Wheelbarrow
31:34 Town Watch
34:59 Hand Cart
38:26 Imperial Age
36:34 Forging
36:31 Scale Barding Armor
36:23 Murder Holes
38:01 Stone Shaft Mining
38:03 Iron Casting
37:18 Fletching
38:22 Chain Barding Armor
38:43 Ballistics
38:34 Masonry
38:03 Cavalier
38:50 Halberdier
40:30 Hoardings
40:15 Conscription
43:38 Architecture
43:42 Savar
46:11 Chemistry
47:56 Demolition Ship
55:39 Blast Furnace
<|>o.o<|>
4:16 Loom
14:12 Feudal Age
18:35 Castle Age
18:30 Horse Collar
18:37 Double-Bit Axe
19:09 Scale Barding Armor
20:13 Medium Warships
20:23 Forging
23:02 Bow Saw
26:59 Wheelbarrow
26:09 Town Watch
27:00 Chain Barding Armor
34:29 Imperial Age
32:28 Hand Cart
32:48 Bloodlines
34:01 Iron Casting
34:15 Bloodlines
34:06 Husbandry
34:24 Gold Mining
34:24 Stone Mining
34:35 Cavalier
35:57 Plate Barding Armor
36:23 Blast Furnace
38:24 Heavy Plow
39:54 Scale Mail Armor
41:38 Conscription
41:40 Chain Mail Armor
42:26 Stone Shaft Mining
41:37 Gothikon
42:58 Elite Varangian Guard
47:33 Fletching
47:44 Padded Archer Armor
48:47 Bodkin Arrow
48:16 Elite Skirmisher
50:54 Leather Archer Armor
50:40 Bracer
51:20 Caravan
53:13 Chemistry
52:47 Fishing Lines
53:24 Light Cavalry
54:46 Hussar
55:51 Masonry
56:02 Ballistics
58:23 Ring Archer Armor
58:37 Architecture
57:32 Vendel Legacy
Beisser
3:37 Loom
10:02 Double-Bit Axe
13:24 Feudal Age
17:42 Castle Age
16:43 Bow Saw
17:55 Scale Barding Armor
17:42 Gold Mining
21:04 Horse Collar
23:54 Wheelbarrow
26:26 Hand Cart
26:48 Stone Mining
28:12 Heavy Plow
28:15 Cavalier
32:35 Chain Barding Armor
35:21 Imperial Age
33:11 Devotion
32:49 Light Cavalry
33:30 Husbandry
36:05 Forging
35:29 Paladin
37:59 Plate Barding Armor
41:45 Fletching
45:24 Chemistry
45:02 Iron Casting
44:23 Bodkin Arrow
50:25 Hussar
51:39 Caravan
58:17 Bracer
58:25 Padded Archer Armor
60:32 Blast Furnace
59:46 Padded Archer Armor
Connection lost

Rejoining the realm…

Still unreachable

The connection could not be restored.

Session expired

The server has moved on; the page needs a fresh start.